 Dungeon Crawl Stone Soup version 0.28-a0-697-g47f3eba078 (webtiles) character file.

Game seed: 18309346706264090372

9 avis the Insei (level 1, -2/15 HPs)
             Began as a Demigod Transmuter on Oct 23, 2021.
             Slain by a hobgoblin (4 damage)
             ... on level 1 of the Dungeon on Oct 24, 2021.
             The game lasted 00:01:04 (395 turns).

avis the Insei (Demigod Transmuter)                  Turns: 395, Time: 00:01:05

Health: -2/15      AC:  2    Str: 11    XL:     1   Next: 93%
Magic:  4/5        EV: 12    Int: 15    God:
Gold:   5          SH:  0    Dex: 14    Spells: 2/3 levels left

rFire   . . .      SeeInvis .     - Unarmed
rCold   . . .      Faith    .   (no shield)
rNeg    . . .      Spirit   .   a - +0 robe
rPois   .          Reflect  .   (helmet currently unavailable)
rElec   .          Harm     .   (no cloak)
rCorr   .          Rampage  .   (no gloves)
Will    .....                   (boots currently unavailable)
Stlth   +.........              (no amulet)
HPRegen 0.05/turn               (no ring)
MPRegen 0.09/turn               (no ring)

@: appendages (expiring)
A: horns 2, talons 2, high mp 1, forlorn
a: End Transformation


You were on level 1 of the Dungeon.
You had temporarily grown beastly horns and talons.
You visited 1 branch of the dungeon, and saw 1 of its levels.

You collected 5 gold pieces.

Inventory:

Missiles
 b - 19 poisoned darts
Armour
 a - a +0 robe (worn)
Scrolls
 c - a scroll of identify {unknown}
 d - 2 scrolls of magic mapping {unknown}


   Skills:
 - Level 0.8 Fighting
 - Level 1.7 Dodging
 * Level 3.3 Unarmed Combat
 - Level 1.7 Spellcasting
 - Level 1.7 Transmutations


You had 2 spell levels left.
You knew the following spells:

 Your Spells              Type           Power      Damage    Failure   Level
a - Beastly Appendage     Tmut           12%        N/A       11%         1

Your spell library contained the following spells:

 Spells                   Type           Power      Damage    Failure   Level
 Wereblood                Tmut           6%         N/A       17%         2
 Spider Form              Tmut/Pois      1%         N/A       43%         3
 Ice Form                 Ice/Tmut       3%         N/A       85%         4


Dungeon Overview and Level Annotations

Branches:
Dungeon (1/15)


Innate Abilities, Weirdness & Mutations

You have temporarily grown beastly horns and talons.
Your attributes grow dramatically as you level up.
You have an increased reservoir of magic. (+10% MP)
You shall have no god before yourself.


Message History

You closely miss the quokka. Your headbutt misses the quokka.
The quokka bites you.
You barely miss the quokka. The quokka barely misses you.
Unknown command.
You closely miss the quokka. The quokka bites you.
You hit the quokka. Your headbutt misses the quokka.
The quokka is moderately wounded.
The quokka bites you.
You hit the quokka. Your kick misses the quokka.
The quokka is almost dead.
The quokka closely misses you.
You hit the quokka but do no damage. You claw the quokka.
You kill the quokka!
The bat hits you but does no damage. The bat barely misses you.
You see here a quokka corpse.
You hit the bat.
You kill the bat!
The hobgoblin shouts!
You hear a shout!
A kobold comes into view. It is wielding a +0 short sword.
A hobgoblin comes into view.
Your horns disappear.
Your talons disappear.
The hobgoblin closely misses you. The hobgoblin misses you.
The hobgoblin hits you.
* * * LOW HITPOINT WARNING * * *
You see here a quokka corpse.
Casting: Beastly Appendage (safe; 11% risk of failure)
Confirm with . or Enter, or press ? or * to list all spells.
You grow a pair of large bovine horns.
Your feet morph into talons.
Your transformation is almost over.
The hobgoblin closely misses you.
You closely miss the hobgoblin. Your kick misses the hobgoblin.
Your headbutt misses the hobgoblin. The hobgoblin hits you.
* * * LOW HITPOINT WARNING * * *
You hit the hobgoblin but do no damage. The hobgoblin closely misses you.
You hit the hobgoblin.
You headbutt the hobgoblin, but do no damage.
The hobgoblin is moderately wounded.
The hobgoblin hits you.
You die...

#......#..# #######
#.##..###.###.....#
..##.## ##.##.....#
......###......)..#
###
..####.#.####.....#
... .# #.####..##
#.....# #.. ..
#.......# #######
#.# .# #######.#
###########.##.#
#.# #...@ggK.##.#..
#.# #.######.##.#.#
#.#####.#
#.....K.#.###.#
#.......#
#.##.##.......#
######### #
#.##.#$#####
#..[...# ####.###
..# ###


You could see 2 hobgoblins and a kobold.

Vanquished Creatures
  A bat (D:1)
  2 endoplasms (D:1)
  2 giant cockroaches (D:1)
  A kobold (D:1)
  A quokka (D:1)
7 creatures vanquished.

Notes
Turn   | Place    | Note
-------+----------+-------------------------------------------
     0 | D:1      | avis the Demigod Transmuter began the quest for the Orb.
     0 | D:1      | Reached XP level 1. HP: 15/15 MP: 5/5
   316 | D:1      | Reached skill level 3 in Unarmed Combat
   395 | D:1      | Slain by a hobgoblin

Illustrated notes

Levels and vault maps discovered:
D:1:      wheals_arrival_linesprint, layout_loops_cross, nrook_uturn

Skill      XL: |  1 |
---------------+----+-----
Unarmed Combat | 3 |  3.3
Fighting       | |  0.8
Dodging        | |  1.7
Spellcasting   | |  1.7
Transmutations | |  1.7

Action                   || total
-------------------------++-------
Melee: Unarmed           ||    27
       Kick              ||     5
       Headbutt          ||     2
 Cast: Beastly Appendage ||     7
Armor: Robe              ||     4
Dodge: Dodged            ||    20

Table legend: (Time is in decaauts)
 A = Elapsed time spent in this place.
 B = Non-inter-level travel time spent in this place.
 C = Inter-level travel time spent in this place.
 D = Time resting spent in this place.
 E = Time spent auto-exploring this place.
 F = Levels seen in this place.
 G = Mean time per level.
                   A        B        C        D        E       F      G
               +--------+--------+--------+--------+--------+-----+--------+
         Total |    393 |    393 |      0 |     74 |    242 |   1 |  393.0 |
       Dungeon |    393 |    393 |      0 |     74 |    242 |   1 |  393.0 |
               +--------+--------+--------+--------+--------+-----+--------+

Top non-repeatable levels by time:
     D:1: 393 daAuts
